 Dungeon Crawl Stone Soup version 0.23.2-1-ga50397a6bc (webtiles) character file.

Game seed: 10423598915206561488

4833 MachJacob the Grappler (level 10, -6/150 HPs)
             Began as a Troll Berserker on Apr 17, 2019.
             Was an Elder of Trog.
             Mangled by a hornet (7 damage)
             ... while paralysed by a hornet
             ... on level 8 of the Dungeon.
             The game lasted 00:33:58 (6533 turns).

MachJacob the Grappler (Troll Berserker)            Turns: 6533, Time: 00:33:59

Health: -6/150     AC:  7    Str: 32    XL:     10   Next: 25%
Magic:  9/9        EV:  1    Int:  3    God:    Trog [****..]
Gold:   353        SH:  0    Dex: 16    Spells: 9/9 levels left

rFire    . . .     SeeInvis .     - Unarmed
rCold    . . .     Gourm    +   (no shield)
rNeg     . . .     Faith    .   a - +0 animal skin
rPois    .         Spirit   .   (helmet restricted)
rElec    .         Reflect  +   n - +0 cloak
rCorr    .         Harm     .   (gloves unavailable)
MR       .....                  (boots unavailable)
Stlth    ..........             l - +5 amulet of reflection
HPRegen  0.75/turn              p - +4 ring of dexterity
MPRegen  0.11/turn              q - ring of stealth

@: paralysed, berserking (expiring), lethally poisoned (-6 -> -12), slowed
A: large, unfitting armour, claws 3, fast metabolism 3, gourmand, regeneration
1, shaggy fur 1, tough skin 3
a: Berserk, Trog's Hand, Brothers in Arms, Renounce Religion


You were on level 8 of the Dungeon.
You worshipped Trog.
Trog was greatly pleased with you.
You were full.

You visited 2 branches of the dungeon, and saw 9 of its levels.

You collected 353 gold pieces.

Inventory:

Armour
 a - a +0 animal skin (worn)
 n - a +0 cloak (worn)
Jewellery
 l - a +5 amulet of reflection (around neck)
 p - a +4 ring of dexterity (left claw)
 q - a ring of stealth (right claw)
Scrolls
 f - 2 scrolls of identify
 g - 2 scrolls of remove curse
 i - 2 scrolls of random uselessness
 k - 3 scrolls of teleportation
 m - a scroll of fear
 o - a scroll of blinking {unknown}
 r - 2 scrolls of enchant weapon
Potions
 c - a potion of mutation {unknown}
 d - a potion of heal wounds {unknown}
 e - 8 potions of curing {unknown}
 h - a potion of brilliance {unknown}
 s - a potion of haste {unknown}
Comestibles
 b - 16 rations


   Skills:
 + Level 6.9 Fighting
 + Level 6.9 Dodging
 * Level 10.9 Unarmed Combat


You had 9 spell levels left.
You didn't know any spells.
Your spell library was empty.

Dungeon Overview and Level Annotations

Branches:
Dungeon (8/15)             Temple (1/1) D:7
   Lair: D:8-11

Altars:
Ashenzari
Cheibriados
Dithmenos
Elyvilon
Fedhas
Gozag
Hepliaklqana
Kikubaaqudgha
Makhleb
Nemelex Xobeh
Okawaru
Qazlal
Ru
Sif Muna
Trog
Uskayaw
Vehumet
Wu Jian
Xom
Yredelemnul
Zin
The Shining One

Shops:
D:4 }   D:8 [


Innate Abilities, Weirdness & Mutations

You are too large for most types of armour.
You have claws for hands.
Your metabolism is lightning-fast.
You like to eat raw meat.
Your natural rate of healing is unusually fast.
You are covered in fur. (AC +1)
You have extremely tough skin. (AC +3)


Message History

* * * LOW HITPOINT WARNING * * *
You are more poisoned.
You feel as though you will be slow longer.
The hornet stings you!
* * * LOW HITPOINT WARNING * * *
You feel as though you will be slow longer.
You claw the hornet!
The hornet is heavily wounded.
You feel sick. The hornet stings you.
* * * LOW HITPOINT WARNING * * *
You suddenly lose the ability to move!
You feel sick. The hornet completely misses you.
You feel sick.
The hornet stings you but does no damage.
The hornet stings you!
* * * LOW HITPOINT WARNING * * *
You feel as though you will be slow longer.
* * * LOW HITPOINT WARNING * * *
You feel sick. The hornet stings you!
You die...

#......'...
#......#...
#######...###...
##....##...# ....
#..........# ....
###..........# ....
##............#.....
#..#..........# ...
###@###.......#
#y#.#######.# #.#†#
.# ##.#.# .. #.# ##
... ##


You could see a hornet.

Vanquished Creatures
  Grinder (D:5)
  A hornet (D:8)
  Sigmund (D:5)
  A wyvern (D:8)
  Menkaure (D:5)
  Edmund (D:5)
  3 ice beasts
  3 phantoms
  4 necrophages
  4 ogres
  3 centaurs
  4 scorpions
  5 killer bees (D:8)
  4 wights (D:8)
  A howler monkey (D:6)
  4 crimson imps
  A bullfrog zombie (D:4)
  A jelly (D:8)
  A quasit (D:7)
  4 orc priests
  2 bullfrog skeletons
  A gnoll shaman (D:5)
  3 hounds
  2 iguanas (D:7)
  5 orc wizards
  Terence (D:2)
  8 worker ants
  2 hound zombies (D:6)
  2 hound skeletons
  3 worker ant zombies
  A howler monkey zombie (D:7)
  8 gnolls
  7 adders
  A shadow imp (D:5)
  An ooze (D:3)
  2 adder skeletons
  An adder zombie (D:7)
  6 worms
  3 dart slugs (D:1)
  3 leopard geckos
  20 orcs
  7 giant cockroaches
  7 goblins
  11 hobgoblins
  12 jackals
  13 kobolds
  4 quokkas
  7 bats
  3 frilled lizards
  A jackal skeleton (D:5)
  A leopard gecko skeleton (D:4)
  A leopard gecko zombie (D:7)
  A quokka zombie (D:8)
  7 rats (D:3)
205 creatures vanquished.

Vanquished Creatures (collateral kills)
  A two-headed ogre (D:8)
  An eye of draining (D:8)
2 creatures vanquished.

Grand Total: 207 creatures vanquished

Notes
Turn   | Place    | Note
-------+----------+-------------------------------------------
     0 | D:1      | MachJacob the Troll Berserker began the quest for the Orb.
     0 | D:1      | Reached XP level 1. HP: 22/22 MP: 0/0
   104 | D:1      | Reached XP level 2. HP: 29/29 MP: 1/1
   368 | D:1      | Reached XP level 3. HP: 36/36 MP: 2/2
   666 | D:2      | Noticed Terence
   673 | D:2      | Killed Terence
   677 | D:2      | Reached ** piety under Trog
   777 | D:2      | Reached XP level 4. HP: 43/45 MP: 3/3
  1373 | D:3      | Reached skill level 4 in Unarmed Combat
  1477 | D:3      | Reached XP level 5. HP: 44/53 MP: 4/4
  2075 | D:3      | Noticed a moth of wrath
  2079 | D:3      | Found a bloodstained altar of Trog.
  2310 | D:4      | Reached *** piety under Trog
  2335 | D:4      | Noticed a phantom
  2380 | D:4      | Killed a phantom
  2380 | D:4      | Reached XP level 6. HP: 41/62 MP: 5/5
  2611 | D:4      | Found Noadei's Gadget Shop.
  2675 | D:4      | Reached skill level 5 in Unarmed Combat
  2881 | D:4      | Reached XP level 7. HP: 58/70 MP: 6/6
  3096 | D:5      | Entered Level 5 of the Dungeon
  3198 | D:5      | Noticed Grinder
  3201 | D:5      | Paralysed by Grinder for 7 turns
  3219 | D:5      | Killed Grinder
  3219 | D:5      | Reached skill level 6 in Unarmed Combat
  3274 | D:5      | Noticed Edmund
  3292 | D:5      | Killed Edmund
  3327 | D:5      | Noticed Sigmund
  3348 | D:5      | Reached XP level 8. HP: 59/79 MP: 7/7
  3359 | D:5      | Killed Sigmund
  3359 | D:5      | Reached skill level 7 in Unarmed Combat
  3540 | D:5      | Reached skill level 5 in Fighting
  3569 | D:5      | Reached skill level 5 in Dodging
  3731 | D:5      | Reached **** piety under Trog
  3731 | D:5      | Reached skill level 8 in Unarmed Combat
  3829 | D:5      | Noticed Menkaure
  3837 | D:5      | Killed Menkaure
  4316 | D:6      | Reached XP level 9. HP: 79/89 MP: 8/8
  4541 | D:6      | Reached skill level 9 in Unarmed Combat
  4621 | D:6      | Found a shadowy altar of Dithmenos.
  4944 | D:7      | Found a staircase to the Ecumenical Temple.
  4965 | Temple   | Entered the Ecumenical Temple
  5453 | D:7      | Found a hazy altar of Hepliaklqana.
  5500 | D:7      | Found a stormy altar of Qazlal.
  5501 | D:7      | Found a shadowy altar of Dithmenos.
  5946 | D:8      | Reached skill level 10 in Unarmed Combat
  6181 | D:8      | Reached ***** piety under Trog
  6181 | D:8      | Received a gift from Trog
  6363 | D:8      | Reached XP level 10. HP: 100/100 MP: 9/9
  6455 | D:8      | Found Fuypp's Armour Emporium.
  6456 | D:8      | Noticed a two-headed ogre
  6468 | D:8      | Killed a two-headed ogre
  6524 | D:8      | Paralysed by a hornet for 1 turns
  6530 | D:8      | Paralysed by a hornet for 3 turns
  6532 | D:8      | HP: 2/150 [hornet (8)]
  6533 | D:8      | Mangled by a hornet

Skill      XL: |  1  2  3  4  5  6  7  8  9 |
---------------+----------------------------+-----
Fighting       | 3 4 5 6 |  6.9
Dodging        | 3 4 5 6 |  6.9
Unarmed Combat | 4 5 6 8 10 | 10.9

Action                   |  1- 3 |  4- 6 |  7- 9 | 10-12 || total
-------------------------+-------+-------+-------+-------++-------
Melee: Unarmed           |    72 |   222 |   326 |    34 ||   654
       Punch             |     3 |     3 |    15 |       ||    21
Invok: Berserk           |     1 |       |     7 |     3 ||    11
       Trog's Hand       |       |     1 |     1 |       ||     2
       Brothers in Arms  |       |       |       |     1 ||     1
  Use: Scroll            |       |     3 |     7 |       ||    10
 Stab: Sleeping          |     1 |       |     4 |       ||     5
  Eat: Chunk             |    14 |    19 |    40 |     1 ||    74
Armor: Animal skin       |    17 |    56 |    54 |     3 ||   130
Dodge: Dodged            |    43 |    93 |   108 |    16 ||   260
Block: Other             |       |    12 |    57 |     7 ||    76
       Reflection        |       |       |     2 |       ||     2
